 Dungeon Crawl Stone Soup version 0.19.5 (webtiles) character file.

14203 tof the Severer (level 11, -9/104 HPs)
             Began as a Minotaur Berserker on Mar 9, 2017.
             Was a High Priest of Trog.
             Hit by a large rock thrown by a cyclops (38 damage)
             ... on level 11 of the Dungeon.
             The game lasted 00:31:12 (12526 turns).

tof the Severer (Minotaur Berserker)               Turns: 12526, Time: 00:31:12

Health: -9/104     AC: 18    Str: 22    XL:     11   Next: 85%
Magic:  10/10      EV: 10    Int:  4    God:    Trog [*****.]
Gold:   414        SH:  3    Dex: 13    Spells: 0 memorised, 10 levels left

rFire  . . .     SeeInvis .     H - +2 executioner's axe (chop)
rCold  . . .     Gourm    .     z - +0 plate armour
rNeg   . . .     Faith    .     (shield currently unavailable)
rPois  .         Spirit   .     (helmet restricted)
rElec  .         Reflect  +     (no cloak)
rCorr  .         Harm     .     j - +2 pair of gloves
MR     .....                    a - +0 pair of boots
Stlth  ..........               y - +3 amulet of reflection
                                (no ring)
                                (no ring)

@: lethally poisoned (-9 -> -10), about to teleport
A: retaliatory headbutt, horns 2
a: Berserk, Trog's Hand, Brothers in Arms, Burn Spellbooks, Renounce Religion


You were on level 11 of the Dungeon.
You worshipped Trog.
Trog was extremely pleased with you.
You were not hungry.

You visited 1 branch of the dungeon, and saw 11 of its levels.

You collected 712 gold pieces.
You spent 298 gold pieces at shops.

Inventory:

Hand Weapons
 w - a +3 hand axe
 H - a +2 executioner's axe of chopping (weapon)
 L - a +1 war axe
 P - a +2 hand axe of electrocution
 S - a +6 antimagic broad axe
 U - a +0 war axe of chopping
Missiles
 M - 4 tomahawks of dispersal (quivered)
 T - 5 tomahawks of returning
Armour
 a - a +0 pair of boots (worn)
 j - a +2 pair of gloves (worn)
 z - a +0 plate armour (worn)
Jewellery
 y - a +3 amulet of reflection (around neck)
Wands
 k - a wand of teleportation (3/9)
 v - a wand of disintegration (9/24)
 D - a wand of flame (22/48)
 F - a wand of teleportation (3/9)
 N - a wand of random effects (7/48)
 Q - a wand of slowing (10/48)
Scrolls
 e - 4 scrolls of noise
 h - 8 scrolls of remove curse
 l - 5 scrolls of magic mapping
 m - 7 scrolls of teleportation
 o - a scroll of fog
 r - 2 scrolls of identify
 u - 4 scrolls of enchant armour
 B - a scroll of silence
 E - 4 scrolls of recharging
 J - a scroll of random uselessness {unknown}
 K - 3 scrolls of fear
 R - a scroll of vulnerability {unknown}
Potions
 d - 5 potions of lignification
 g - a potion of cure mutation {unknown}
 n - a potion of heal wounds
 p - 6 potions of curing
 s - a potion of magic {unknown}
 t - a potion of agility {unknown}
 x - a potion of brilliance {unknown}
 G - a potion of mutation {unknown}
 O - a potion of haste
Books
 b - a book of Callings

   Spells                             Type                      Level
   a - Summon Small Mammal            Summoning                    1
   b - Call Imp                       Summoning                    2
   c - Call Canine Familiar           Summoning                    3
   d - Summon Guardian Golem          Hexes/Summoning              3
   e - Summon Lightning Spire         Summoning/Air                4
   f - Summon Ice Beast               Ice/Summoning                4
   Trog disapproves of the use of such an item.
 A - a book of Changes

   Spells                             Type                      Level
   a - Beastly Appendage              Transmutation                1
   b - Sticks to Snakes               Transmutation                2
   c - Spider Form                    Transmutation/Poison         3
   d - Ice Form                       Ice/Transmutation            4
   e - Blade Hands                    Transmutation                5
   Trog disapproves of the use of such an item.
Comestibles
 c - 10 bread rations
 f - 9 meat rations
 i - 11 fruits
 q - 12 slices of pizza
 C - 5 beef jerkies
 I - 4 royal jellies
 V - 7 chunks of flesh


   Skills:
 + Level 12.2 Fighting
 * Level 15.6 Axes
 + Level 8.2 Armour
 + Level 7.8 Dodging


You had 10 spell levels left.
You didn't know any spells.

Dungeon Overview and Level Annotations

Branches:
Dungeon (11/15)            Temple (0/1) D:5            Lair (0/6) D:10
    Orc (0/2) D:11

Altars:
Cheibriados
Gozag
Kikubaaqudgha
Makhleb
Uskayaw
Xom
Yredelemnul
Zin
The Shining One

Shops:
D:4 *   D:5 ?   D:6 :


Innate Abilities, Weirdness & Mutations

You reflexively headbutt those who attack you in melee.
You have a pair of horns on your head.


Message History

You feel sick.
The cyclops throws a large rock.
The large rock hits you!!
You see here a large rock.
You feel much better.
The cyclops throws a large rock.
The large rock hits you but does no damage.
You feel sick.
You feel sick. The cyclops hits you!
You slice the cyclops!!
The cyclops is severely wounded.
You feel sick. The cyclops hits you!!
* * * LOW HITPOINT WARNING * * *
You are too injured to fight recklessly!
You are too injured to fight recklessly!
You are too injured to fight recklessly!
You are too injured to fight recklessly!
You feel much better.
As you read the scroll of teleportation, it crumbles to dust.
You feel strangely unstable.
You feel sick. The cyclops hits you!
* * * LOW HITPOINT WARNING * * *
The cyclops throws a large rock.
The large rock hits you!!!
You die...

...########........†.#
#..# #........# ...#
.......#.# ...######
.........# ........#
###......# ##......#
#.###.(# ##..##..#
#.###..#
........#######.....!#
###'#...........@(...#
....#.#.....?........#
##'##.. ......C...?..#
...# #######.........#
...# #....##...# ...##
#.........# #...#
######....# #...# .#.#
#...### .#


You could see a cyclops.

Vanquished Creatures
  4 hill giants
  An ugly thing (D:11)
  The ghost of Qrupt the Slicer, a novice HaGl (D:5)
  A queen bee (D:11)
  2 trolls
  2 hornets
  Prince Ribbit (D:6)
  4 hippogriffs
  12 yaks
  A soldier ant (D:11)
  2 water moccasins
  11 orc warriors
  2 sky beasts
  2 eyes of draining
  8 phantoms
  3 ice beasts
  5 ogres
  A necrophage (D:6)
  9 centaurs
  3 big kobolds
  The ghost of vatarom the Gusty, an amateur TeAE (D:3)
  5 bullfrogs
  4 scorpions
  20 killer bees
  12 wights
  3 howler monkeys
  3 crimson imps
  2 bullfrog zombies
  4 quasits
  2 jellies
  3 hounds
  2 gnoll shamans
  7 orc priests
  14 orc wizards
  A bullfrog skeleton (D:6)
  2 iguanas
  7 worker ants
  2 killer bee zombies
  2 hound skeletons
  Robin (D:3)
  9 gnolls
  13 adders
  2 oozes (D:3)
  3 adder skeletons
  7 worms
  4 dart slugs
  8 leopard geckos
  52 orcs
  3 ball pythons
  2 giant cockroaches
  14 hobgoblins
  11 jackals
  4 quokkas
  6 bats
  2 frilled lizards
  18 goblins
  18 kobolds
  10 rats
358 creatures vanquished.

Vanquished Creatures (others)
  An ogre (D:7)
1 creature vanquished.

Grand Total: 359 creatures vanquished

Notes
Turn   | Place    | Note
-------+----------+-------------------------------------------
     0 | D:1      | tof the Minotaur Berserker began the quest for the Orb.
     0 | D:1      | Reached XP level 1. HP: 19/19 MP: 0/0
   164 | D:1      | Reached skill level 4 in Axes
   164 | D:1      | Reached XP level 2. HP: 9/27 MP: 1/1
   491 | D:1      | Reached XP level 3. HP: 33/33 MP: 2/2
   726 | D:1      | Reached ** piety under Trog
   930 | D:2      | Found a snail-covered altar of Cheibriados.
  1038 | D:2      | Found a hide-covered altar of Uskayaw.
  1039 | D:2      | Found an ancient bone altar of Kikubaaqudgha.
  1079 | D:2      | Reached skill level 5 in Axes
  1306 | D:2      | Reached XP level 4. HP: 41/41 MP: 3/3
  1700 | D:3      | Reached skill level 5 in Fighting
  1747 | D:3      | Reached skill level 6 in Axes
  1747 | D:3      | Reached XP level 5. HP: 12/48 MP: 4/4
  2288 | D:3      | Noticed vatarom's ghost (amateur TeAE)
  2300 | D:3      | Killed vatarom's ghost
  2300 | D:3      | Reached skill level 7 in Axes
  2300 | D:3      | Reached XP level 6. HP: 52/57 MP: 5/5
  2442 | D:3      | Noticed Robin
  2460 | D:3      | Killed Robin
  2548 | D:3      | Reached *** piety under Trog
  3277 | D:4      | Found Gozag's Platinum Reserve.
  3285 | D:4      | Found an opulent altar of Gozag.
  3478 | D:4      | Reached skill level 8 in Axes
  3478 | D:4      | Reached XP level 7. HP: 56/64 MP: 6/6
  3933 | D:5      | Entered Level 5 of the Dungeon
  3952 | D:5      | Found a staircase to the Ecumenical Temple.
  4255 | D:5      | Found Ossorusa's Magic Scroll Emporium.
  4269 | D:5      | Bought a scroll of silence for 97 gold pieces
  4269 | D:5      | Bought a scroll of identify for 26 gold pieces
  4269 | D:5      | Bought a scroll of enchant armour for 97 gold pieces
  4269 | D:5      | Bought a scroll of teleportation for 39 gold pieces
  4269 | D:5      | Bought a scroll of remove curse for 39 gold pieces
  4314 | D:5      | Reached skill level 9 in Axes
  4490 | D:5      | Noticed Qrupt's ghost (novice HaGl)
  4501 | D:5      | Killed Qrupt's ghost
  4501 | D:5      | Reached skill level 10 in Axes
  4501 | D:5      | Reached XP level 8. HP: 74/74 MP: 7/7
  4764 | D:5      | Reached **** piety under Trog
  4898 | D:5      | Found a burning altar of Makhleb.
  4898 | D:5      | Found a glowing silver altar of Zin.
  4899 | D:5      | Noticed an angel
  4899 | D:5      | Noticed a blizzard demon
  4962 | D:6      | Noticed Prince Ribbit
  4975 | D:6      | Killed Prince Ribbit
  4975 | D:6      | Reached skill level 11 in Axes
  5200 | D:6      | Reached XP level 9. HP: 83/83 MP: 8/8
  5370 | D:6      | Reached skill level 12 in Axes
  5798 | D:6      | Reached ***** piety under Trog
  6082 | D:6      | Reached skill level 10 in Fighting
  6256 | D:6      | Found Ecroithreor's Book Shoppe.
  6525 | D:6      | Received a gift from Trog
  6525 | D:6      | Reached skill level 13 in Axes
  6535 | D:6      | Reached XP level 10. HP: 94/94 MP: 9/9
  7153 | D:7      | Reached skill level 5 in Armour
  7570 | D:8      | Reached skill level 5 in Dodging
  8661 | D:9      | Found a glowing golden altar of the Shining One.
  9117 | D:9      | Reached skill level 14 in Axes
  9434 | D:9      | Paralysed by a hornet for 1 turns
  9584 | D:9      | Noticed a hill giant
  9589 | D:9      | Killed a hill giant
  9589 | D:9      | Received a gift from Trog
  9841 | D:9      | Reached XP level 11. HP: 76/102 MP: 10/10
 10169 | D:10     | Entered Level 10 of the Dungeon
 10288 | D:10     | Noticed a hill giant
 10297 | D:10     | Killed a hill giant
 10595 | D:10     | Found a shimmering altar of Xom.
 11050 | D:10     | Found a staircase to the Lair.
 11274 | D:10     | Found a basalt altar of Yredelemnul.
 11398 | D:11     | Noticed a purple ugly thing
 11414 | D:11     | Killed a purple ugly thing
 11414 | D:11     | Received a gift from Trog
 11414 | D:11     | Reached skill level 15 in Axes
 11518 | D:11     | Noticed a hill giant
 11526 | D:11     | Killed a hill giant
 11538 | D:11     | Found a staircase to the Orcish Mines.
 12009 | D:11     | Noticed a hill giant
 12021 | D:11     | Killed a hill giant
 12262 | D:11     | Received a gift from Trog
 12526 | D:11     | Hit by a large rock thrown by a cyclops

Skill      XL: |  1  2  3  4  5  6  7  8  9 10 11 |
---------------+----------------------------------+-----
Axes           | 4 5 6 7 8 10 11 13 14 15 | 15.6
Fighting       | 4 5 6 7 9 10 11 12 | 12.2
Armour         | 4 6 8 |  8.2
Dodging        | 4 6 7 |  7.8

Action                   |  1- 3 |  4- 6 |  7- 9 | 10-12 || total
-------------------------+-------+-------+-------+-------++-------
Melee: Hand axe          |    82 |   158 |   312 |   115 ||   667
       Headbutt          |     7 |    27 |    71 |   117 ||   222
       War axe           |       |       |       |   321 ||   321
       Broad axe         |       |       |       |   123 ||   123
       Executioner's axe |       |       |       |    13 ||    13
Invok: Berserk           |       |     3 |     4 |     3 ||    10
  Use: Scroll            |       |       |     8 |     9 ||    17
       Potion            |       |       |       |     2 ||     2
 Stab: Sleeping          |     1 |     4 |       |       ||     5
       Distracted        |       |       |       |     1 ||     1
  Eat: Chunk             |     1 |    10 |    11 |    23 ||    45
       Fruit             |       |       |     1 |     1 ||     2
Armor: Animal skin       |    12 |    18 |       |       ||    30
       Leather armour    |       |    12 |       |       ||    12
       Ring mail         |       |     7 |    60 |       ||    67
       Plate armour      |       |       |    29 |   263 ||   292
Dodge: Dodged            |    42 |    98 |    89 |   197 ||   426
Block: Other             |       |       |    12 |    52 ||    64
       Reflection        |       |       |       |     1 ||     1
